 Dungeon Crawl Stone Soup version 0.31.0-11-ge490571c62 (webtiles) character file.

Game seed: 385964314766814032

130 shadizar the Magician (level 5, -1/40 HPs)
             Began as a Djinni Earth Elementalist on Feb 4, 2024.
             Slain by an orc
             ... wielding a +0 club
              (2 damage)
             ... on level 4 of the Dungeon.
             The game lasted 00:02:44 (1524 turns).

shadizar the Magician (Djinni Earth Elementalist)   Turns: 1524, Time: 00:02:44

Health: -1/40      AC:  4    Str:  7    XL:     5   Next: 36%
Gold:   125        EV: 12    Int: 19    God:
                   SH:  0    Dex: 13

rFire   + + .        i - staff of alchemy
rCold   x . .        (no shield)
rNeg    . . .        a - +0 robe
rPois   ∞            c - +1 helmet
rElec   .            (no cloak)
rCorr   .            (no gloves)
SInv    .            (boots unavailable)
Will    .....        (no amulet)
Stlth   ++           (no ring)
HPRegen 0.26/turn    (no ring)
MPRegen 0.00/turn

%: infuse magic (-2 HP)
@: flying
A: sickness immunity, fire resistance 2, cold vulnerability 1, float, innate
caster, HP casting, extra vitality 1
a: no special abilities


You were on level 4 of the Dungeon.
You visited 1 branch of the dungeon, and saw 4 of its levels.

You collected 125 gold pieces.

Inventory:

Armour
 a - a +0 robe (worn)
 c - a +1 helmet (worn)
 o - a +0 cloak
Magical Staves
 i - a staff of alchemy (weapon)
Jewellery
 g - a ring of protection from cold
 n - a ring of positive energy
Scrolls
 d - a scroll of fear {unknown}
 e - 4 scrolls of teleportation {unknown}
 f - a scroll of summoning {unknown}
 j - a scroll of enchant armour {unknown}
 p - 2 scrolls of acquirement {unknown}
Potions
 b - a potion of attraction {unknown}
 h - 2 potions of haste {unknown}
 k - 2 potions of degeneration {unknown}
 l - a potion of ambrosia {unknown}
 m - a potion of curing {unknown}


   Skills:
 + Level 3.1 Fighting
 - Level 2.1 Dodging
 - Level 1.5 Stealth
 + Level 4.0 Spellcasting
 + Level 4.0 Conjurations
 + Level 4.0 Hexes
 + Level 4.0 Summonings
 + Level 4.0 Necromancy
 + Level 4.0 Translocations
 + Level 4.0 Fire Magic
 + Level 4.0 Ice Magic
 + Level 4.0 Air Magic
 + Level 4.0 Earth Magic
 + Level 4.0 Alchemy


You knew the following spells:

 Your Spells              Type           Power      Damage    Failure   Level
a - Sandblast             Erth           38%        2d10      2%          1
b - Passwall              Erth           19%        N/A       8%          3
c - Stone Arrow           Conj/Erth      38%        3d9       8%          3
d - Petrify               Alch/Erth      28%        N/A       26%         4
e - Brom's Barrelling Bo  Conj/Erth      19%        2d4       26%         4
f - Kiss of Death         Conj/Necr      76%        2d11      2%          1
g - Call Imp              Summ           38%        N/A       4%          2
Your spell library was empty.

Dungeon Overview and Level Annotations

Branches:
Dungeon (4/15)
 Temple: D:4-7

Altars:
Xom


Innate Abilities, Weirdness & Mutations

You are immune to sickness and miasma.
You are immune to poison.
Your flesh is very heat resistant. (rF++)
You are vulnerable to cold. (rC-)
You float through the air rather than walking.
You learn spells naturally, not from books.
Your magical power is your life essence.
You have superior vitality. (+4 MHP)


Message History

Aim: a gnoll, wielding a +0 whip and wearing +0 ice dragon scales (87% to hit)
The blast of sand hits the gnoll but does no damage.
* * * LOW HITPOINT WARNING * * *
The gnoll hits you but does no damage. The giant cockroach closely misses you.
The gnoll barely misses you.
Casting: Sandblast (safe; 2% risk of failure)
Confirm with . or Enter, or press ? or * to list all spells.
Aiming: Sandblast (safe; 2% risk of failure)
Press: ? - help, Shift-Dir - straight line, f/p - gnoll
Aim: a gnoll, wielding a +0 whip and wearing +0 ice dragon scales (87% to hit)
The blast of sand hits the gnoll but does no damage.
* * * LOW HITPOINT WARNING * * *
The giant cockroach barely misses you.
The giant cockroach bites you but does no damage.
The gnoll barely misses you.
Unknown command.
Casting: Sandblast (safe; 2% risk of failure)
Confirm with . or Enter, or press ? or * to list all spells.
Aiming: Sandblast (safe; 2% risk of failure)
Press: ? - help, Shift-Dir - straight line, f/p - gnoll
Aim: a gnoll, wielding a +0 whip and wearing +0 ice dragon scales (87% to hit)
The blast of sand hits the gnoll but does no damage.
* * * LOW HITPOINT WARNING * * *
The giant cockroach closely misses you. The gnoll barely misses you.
The orc misses you. The giant cockroach bites you.
* * * LOW HITPOINT WARNING * * *
The gnoll hits you but does no damage.
Casting: Sandblast (safe; 2% risk of failure)
Confirm with . or Enter, or press ? or * to list all spells.
Aiming: Sandblast (safe; 2% risk of failure)
Press: ? - help, Shift-Dir - straight line, f/p - gnoll
Aim: a gnoll, wielding a +0 whip and wearing +0 ice dragon scales (87% to hit)
The blast of sand hits the gnoll but does no damage.
* * * LOW HITPOINT WARNING * * *
The giant cockroach barely misses you. The orc barely misses you.
The gnoll hits you with a +0 whip!
* * * LOW HITPOINT WARNING * * *
The giant cockroach bites you but does no damage.
The orc hits you with a +0 club.
You die...

#.... .# #
#....#.#.#
###......#.#
...#.#....
###.......
.........
#....B#
#...o@#
#....g#
#.....#
#######


You could see a gnoll, an orc and a giant cockroach.

Vanquished Creatures
  Jessica (D:2)
  A gnoll (D:3)
  3 adders (D:2)
  4 dart slugs
  2 ribbon worms
  3 bats
  5 endoplasms
  2 giant cockroaches (D:2)
  5 goblins
  3 hobgoblins
  4 jackals (D:2)
  4 quokkas
  4 ball pythons
  6 frilled lizards
  3 kobolds
  7 rats
57 creatures vanquished.

Notes
Turn   | Place    | Note
-------+----------+-------------------------------------------
     0 | D:1      | shadizar the Djinni Earth Elementalist began the quest for
                  | the Orb.
     0 | D:1      | shadizar set off with the following spells memorised:
                  | Sandblast, Passwall, Stone Arrow, Petrify, Brom's
                  | Barrelling Boulder.
     0 | D:1      | Reached XP level 1. HP: 15/15 MP: 0/0
   115 | D:1      | Reached XP level 2. HP: 13/22 MP: 0/0
   161 | D:1      | Reached skill level 1 in Fighting
   430 | D:1      | Reached XP level 3. HP: 22/27 MP: 0/0
   430 | D:1      | Learned a level 1 spell: Kiss of Death
   718 | D:2      | Noticed Jessica
   723 | D:2      | Killed Jessica
   724 | D:2      | Reached XP level 4. HP: 34/34 MP: 0/0
   976 | D:2      | Reached XP level 5. HP: 36/40 MP: 0/0
   976 | D:2      | Learned a level 2 spell: Call Imp
  1159 | D:2      | Found a faded altar of an unknown god.
  1392 | D:3      | Found a shimmering altar of Xom.
  1524 | D:4      | HP: 1/40 [gnoll/+0 whip (7)]
  1524 | D:4      | Slain by an orc

Illustrated notes

Levels and vault maps discovered:
D:1:      matt_arrival_refuge, layout_rooms
D:2:      layout_basic, basic_ecumenical_altar, uniq_jessica
D:3:      corexii_shack_village, layout_rooms, fedhas_altar_3,
          mainiacjoe_overflow_cross_hatched,
          mainiacjoe_overflow_concentric_impassable
D:4:      layout_basic, mainiacjoe_overflow_surrounded_room, lemuel_tele_altar,
          minmay_rat_hole

Skill      XL: |  1  2  3  4  5 |
---------------+----------------+-----
Fighting       | 1 2 3 |  3.1
Spellcasting   | 4 |  4.0
Conjurations   | 4 |  4.0
Hexes          | 4 |  4.0
Summonings     | 4 |  4.0
Necromancy     | 4 |  4.0
Translocations | 4 |  4.0
Fire Magic     | 4 |  4.0
Ice Magic      | 4 |  4.0
Air Magic      | 4 |  4.0
Earth Magic    | 4 |  4.0
Alchemy        | 4 |  4.0
Dodging        | |  2.1
Stealth        | |  1.5

Action                     |  1- 3 |  4- 6 || total
---------------------------+-------+-------++-------
  Melee: Unarmed           |       |     1 ||     1
   Cast: Sandblast         |    38 |    57 ||    95
 Armour: Robe              |    11 |    32 ||    43
  Dodge: Dodged            |    11 |    36 ||    47
